 Dungeon Crawl Stone Soup version 0.21.1-1-g345015fe64 (webtiles) character file.

104 KleinerIrrer the Shield-Bearer (level 5, -3/42 HPs)
             Began as a Formicid Fighter on Mar 16, 2018.
             Slain by a gnoll
             ... wielding a +0 halberd
              (7 damage)
             ... on level 2 of the Dungeon.
             The game lasted 00:02:49 (1172 turns).

KleinerIrrer the Shield-Bearer (Formicid Fighter)   Turns: 1172, Time: 00:02:49

Health: -3/42      AC:  7    Str: 26    XL:     5   Next: 7%
Magic:  5/5        EV:  8    Int:  8    God:
Gold:   126        SH: 10    Dex: 10    Spells: 4/4 levels left

rFire    . . .     SeeInvis +   a - +0 war axe
rCold    . . .     Gourm    .   c - +0 shield
rNeg     . . .     Faith    .   b - +0 scale mail
rPois    .         Spirit   .   (helmet unavailable)
rElec    .         Reflect  .   (no cloak)
rCorr    .         Harm     .   (no gloves)
MR       .....                  (no boots)
Stlth    ..........             (no amulet)
HPRegen  0.14/turn              (no ring)
MPRegen  0.09/turn              (no ring)

@: mighty
A: permanent stasis, dig shafts and tunnels, four strong arms, antennae 3
a: Dig, Shaft Self


You were on level 2 of the Dungeon.
You were not hungry.

You visited 1 branch of the dungeon, and saw 2 of its levels.

You collected 126 gold pieces.

Inventory:

Hand Weapons
 a - a +0 war axe (weapon)
Missiles
 k - 3 tomahawks (quivered)
 l - 24 bolts
Armour
 b - a +0 scale mail (worn)
 c - a +0 shield (worn)
Scrolls
 e - a scroll of enchant armour {unknown}
 g - 4 scrolls of remove curse {unknown}
 h - 3 scrolls of identify {unknown}
 m - a scroll of fear {unknown}
 r - a scroll of blinking {unknown}
 s - a scroll of amnesia {unknown}
 t - a scroll of noise {unknown}
 u - 2 scrolls of teleportation {unknown}
Potions
 j - a potion of curing {unknown}
 n - 2 potions of resistance {unknown}
 o - 2 potions of haste {unknown}
 p - a potion of invisibility {unknown}
 q - a potion of brilliance {unknown}
Comestibles
 f - 4 rations
 i - 3 chunks of flesh


   Skills:
 + Level 4.1 Fighting
 + Level 3.2 Axes
 + Level 3.8 Armour
 * Level 0.5 Dodging
 + Level 4.2 Shields


You had 4 spell levels left.
You didn't know any spells.

Dungeon Overview and Level Annotations

Branches:
Dungeon (2/15)

Altars:


Innate Abilities, Weirdness & Mutations

You cannot be hasted, slowed, berserked, paralysed or teleported.
You can dig through walls and to a lower floor.
Your four strong arms can wield two-handed weapons with a shield.
You have a pair of large antennae on your head. (SInv)


Message History

The gnoll is severely wounded.
The gnoll barely misses you.
The gnoll hits you from afar with a halberd.
* * * LOW HITPOINT WARNING * * *
The gnoll hits you with a spear.
* * * LOW HITPOINT WARNING * * *
You slash the gnoll!
You kill the gnoll!
You have reached level 5!
The gnoll barely misses you. The gnoll barely misses you.
You see here a spear.
You slash the gnoll!
The gnoll is severely wounded.
The gnoll hits you with a halberd.
* * * LOW HITPOINT WARNING * * *
You barely miss the gnoll.
The gnoll is severely wounded.
The gnoll hits you with a halberd!
You die...

###########
############[........# #
#........)@gg........# #####
#.####.#####.........# ....###
#.########...####
###...#.####....#####...# ######
# #..#.......#..... ...# #..... #
#..#.........#.##....# #.###. #
..##..###.#.......### #.# #. #
###..#..# #.....##..# #.# #.
###....#..###.........######.###.


You could see 2 gnolls.

Vanquished Creatures
  Terence (D:2)
  2 gnolls (D:2)
  3 adders (D:2)
  An ooze (D:1)
  A worm (D:2)
  4 bats
  A giant cockroach (D:2)
  5 hobgoblins
  4 jackals (D:1)
  A quokka (D:2)
  A frilled lizard (D:1)
  2 kobolds (D:1)
  5 rats
31 creatures vanquished.

Notes
Turn   | Place    | Note
-------+----------+-------------------------------------------
     0 | D:1      | KleinerIrrer the Formicid Fighter began the quest for the Orb.
     0 | D:1      | Reached XP level 1. HP: 18/18 MP: 1/1
   222 | D:1      | Reached XP level 2. HP: 24/24 MP: 2/2
   562 | D:2      | Reached XP level 3. HP: 30/30 MP: 3/3
   567 | D:2      | Noticed Terence
   576 | D:2      | Killed Terence
   608 | D:2      | Reached XP level 4. HP: 29/37 MP: 4/4
  1169 | D:2      | Reached XP level 5. HP: 8/42 MP: 5/5
  1172 | D:2      | Slain by a gnoll

Skill      XL: |  1  2  3  4 |
---------------+-------------+-----
Shields        | 4 |  4.2
Fighting       | 4 |  4.1
Axes           | 3 |  3.2
Armour         | |  3.8
Dodging        | |  0.5

Action                   |  1- 3 |  4- 6 || total
-------------------------+-------+-------++-------
Melee: War axe           |    41 |    54 ||    95
  Use: Potion            |       |     1 ||     1
  Eat: Chunk             |       |     1 ||     1
Armor: Scale mail        |    19 |    28 ||    47
Dodge: Dodged            |    17 |    31 ||    48
Block: Shield            |    13 |    37 ||    50
